 Dungeon Crawl Stone Soup version 0.21-a0-369-g397cdb2 (webtiles) character file.

434 wazuzu the Insei (level 6, -1/43 HPs)
             Began as a Demonspawn Transmuter on Oct 15, 2017.
             Killed by divine providence
             ... invoked by an orc priest
              (8 damage)
             ... on level 4 of the Dungeon.
             The game lasted 00:09:10 (3641 turns).

wazuzu the Insei (Demonspawn Transmuter)            Turns: 3641, Time: 00:09:11

Health: -1/43      AC:  7    Str:  8    XL:     6   Next: 67%
Magic:  9/9        EV: 12    Int: 14    God:
Gold:   211        SH:  0    Dex: 14    Spells: 8/9 levels left

rFire    . . .     SeeInvis .     - Unarmed
rCold    . . .     Gourm    .   (no shield)
rNeg     . . .     Faith    .   u - +1 animal skin
rPois    .         Spirit   .   (helmet restricted)
rElec    .         Reflect  .   (no cloak)
rCorr    .         Harm     .   g - +0 pair of gloves
MR       .....                  (no boots)
Stlth    ++........             (no amulet)
HPRegen  0.14/turn              i - -4 ring of strength (curse)
MPRegen  0.11/turn              j - ring of flight

@: confused
A: antennae 1, icy blue scales 2, nightstalker 1
a: Evoke Flight


You were on level 4 of the Dungeon.
You were not hungry.

You visited 1 branch of the dungeon, and saw 4 of its levels.

You collected 211 gold pieces.

Inventory:

Missiles
 a - 58 arrows
Armour
 g - a +0 pair of gloves (worn)
 u - a +1 animal skin (worn)
 v - a +0 helmet
Jewellery
 e - an uncursed ring of stealth {unknown}
 i - a cursed -4 ring of strength (left hand)
 j - a ring of flight (right hand)
Wands
 r - a wand of random effects (26/48)
Potions
 b - a potion of agility {unknown}
 f - a potion of curing
 h - a potion of cancellation {unknown}
 k - a potion of brilliance {unknown}
 m - a potion of degeneration
Books
 c - a book of Changes

   Spells                             Type                      Level
   a - Beastly Appendage              Transmutation                1
   b - Sticks to Snakes               Transmutation                2
   c - Spider Form                    Transmutation/Poison         3
   d - Ice Form                       Ice/Transmutation            4
   e - Blade Hands                    Transmutation                5
Comestibles
 d - 3 bread rations
 l - 6 chunks of flesh
 p - 3 meat rations


   Skills:
 - Level 1.0 Fighting
 - Level 1.7 Dodging
 + Level 7.0 Unarmed Combat
 - Level 2.0 Spellcasting
 - Level 1.7 Transmutations


You had 8 spell levels left.
You knew the following spells:

 Your Spells              Type           Power        Failure   Level  Hunger
a - Beastly Appendage     Tmut           #.....       12%         1    ##.....


Dungeon Overview and Level Annotations

Branches:
Dungeon (4/15)
 Temple: D:4-7

Altars:
Ru


Innate Abilities, Weirdness & Mutations

You have a pair of small antennae on your head.
You are mostly covered in icy blue scales. (AC +3)
You are slightly more attuned to the shadows.


Message History

You punch the orc priest!
The orc priest is almost dead.
The orc priest calls down the wrath of Beogh upon you.
Pain shoots through your body!
The orc priest invokes the aid of Beogh against you.
Beogh smites you!
* * * LOW HITPOINT WARNING * * *
The orc hits you but does no damage.
You are confused.
You feel invigorated.
The orc priest invokes the aid of Beogh against you.
Pain shoots through your body!
* * * LOW HITPOINT WARNING * * *
The orc priest hits you but does no damage.
The orc misses you.
The orc priest calls upon Beogh to heal the orc priest.
The orc priest is healed somewhat.
The orc priest invokes the aid of Beogh against you.
Beogh smites you!
You die... #.. #.o # #.# .. ##..###..## #.#.... #.# #ooo#

#.#
#@.##.#
#..#.#
#...#
#.>##
#..#
####..#
#.....#
#
#.###.#
# #.#
#.# #


You could see 3 orc priests and an orc.

Vanquished Creatures
  6 killer bees (D:4)
  A centaur skeleton (D:4)
  A worker ant (D:4)
  Robin (D:3)
  An ooze (D:2)
  A worm (D:3)
  A dart slug (D:2)
  A leopard gecko (D:1)
  5 orcs
  3 giant cockroaches
  21 goblins
  11 hobgoblins
  16 jackals
  A quokka (D:2)
  7 bats
  A frilled lizard (D:3)
  7 kobolds
  7 rats
92 creatures vanquished.

Notes
Turn   | Place    | Note
-------+----------+-------------------------------------------
     0 | D:1      | wazuzu the Demonspawn Transmuter began the quest for the Orb.
     0 | D:1      | Reached XP level 1. HP: 15/15 MP: 3/3
    89 | D:1      | Reached skill level 3 in Unarmed Combat
   242 | D:1      | Gained mutation: You are partially covered in icy blue scales. (AC +2) [demonic ancestry]
   242 | D:1      | Reached XP level 2. HP: 21/21 MP: 5/5
  1157 | D:2      | Gained mutation: You are slightly more attuned to the shadows. [demonic ancestry]
  1157 | D:2      | Reached XP level 3. HP: 11/26 MP: 6/6
  1296 | D:2      | Reached skill level 4 in Unarmed Combat
  1480 | D:2      | Found a sacrificial altar of Ru.
  1820 | D:3      | Gained mutation: You are mostly covered in icy blue scales. (AC +3) [demonic ancestry]
  1820 | D:3      | Reached XP level 4. HP: 25/32 MP: 7/7
  2376 | D:3      | Noticed Robin
  2418 | D:3      | Killed Robin
  2677 | D:3      | Reached skill level 5 in Unarmed Combat
  3104 | D:4      | Reached XP level 5. HP: 24/37 MP: 5/8
  3111 | D:4      | Reached skill level 6 in Unarmed Combat
  3118 | D:4      | Gained mutation: You have a pair of small antennae on your head. [demonic ancestry]
  3118 | D:4      | Reached XP level 6. HP: 16/43 MP: 7/9
  3613 | D:4      | Reached skill level 7 in Unarmed Combat
  3641 | D:4      | Killed from afar by an orc priest

Vault maps used:
D:1:      lightli_arrival_maybe_door_vault
D:2:      nicolae_ru_awakened_eye, first_bread, minivault_14
D:3:      kennysheep_goblin_castle
D:4:      minmay_temple_entry_hall, nrook_uturn

Skill      XL: |  1  2  3  4  5  6 |
---------------+-------------------+-----
Unarmed Combat | 3 4 5 6 7 |  7.0
Fighting       | |  1.0
Dodging        | |  1.7
Spellcasting   | |  2.0
Transmutations | |  1.7

Action                   |  1- 3 |  4- 6 || total
-------------------------+-------+-------++-------
Melee: Unarmed           |   192 |   132 ||   324
       Punch             |     2 |     2 ||     4
       Kick              |       |     2 ||     2
 Cast: Beastly Appendage |       |     4 ||     4
  Use: Scroll            |     1 |     7 ||     8
       Potion            |       |     4 ||     4
 Stab: Sleeping          |     7 |     6 ||    13
  Eat: Chunk             |     3 |     2 ||     5
       Fruit             |       |     2 ||     2
       Bread ration      |       |     1 ||     1
Armor: Robe              |    72 |    25 ||    97
       Skin              |       |    47 ||    47
       Animal skin       |       |    12 ||    12
Dodge: Dodged            |   128 |    65 ||   193

Table legend:
 A = Spawn XP
 B = Non-spawn XP
 C = Spawn XP percentage of total XP
 D = Spawn monster count
 E = Non-spawn monster count
 F = Spawn count percentage of total count
 G = Total turns spent on level
                    A         B        C        D         E        F      G
               +---------+---------+-------+---------+---------+-------+---------
         Total |       0 |     620 |   0.0 |       0 |      92 |   0.0 |  3641
               +---------+---------+-------+---------+---------+-------+---------
           D:1 |       0 |      33 |   0.0 |       0 |      21 |   0.0 |  1051
           D:2 |       0 |      46 |   0.0 |       0 |      21 |   0.0 |   668
           D:3 |       0 |      80 |   0.0 |       0 |      34 |   0.0 |  1333
           D:4 |       0 |     461 |   0.0 |       0 |      16 |   0.0 |   589
               +---------+---------+-------+---------+---------+-------+---------
